 Dungeon Crawl Stone Soup version 0.17.1-3-g152610e (webtiles) character file.

47 nikopol the Poker (level 3, -7/33 HPs)
             Began as a Minotaur Berserker on Apr 20, 2016.
             Was a Believer of Trog.
             Mangled by Sigmund
             ... wielding a +0 scythe
              (11 damage)
             ... on level 2 of the Dungeon.
             The game lasted 00:01:55 (988 turns).

nikopol the Poker (Minotaur Berserker)               Turns: 988, Time: 00:01:55

Health: -7/33      AC:  5    Str: 21    XL:     3   Next: 48%
Magic:  2/2        EV: 11    Int:  4    God:    Trog [**....]
Gold:   90         SH:  0    Dex: 10    Spells: 0 memorised, 2 levels left

rFire  . . .     SeeInvis .     a - +0 spear
rCold  . . .     Clarity  .     d - +0 ring mail
rNeg   . . .     SustAt   .     (no shield)
rPois  .         Gourm    .     (helmet restricted)
rElec  .         Spirit   .     (no cloak)
rCorr  .         Warding  .     (no gloves)
rMut   .         Stasis   .     (no boots)
MR     .....                    (no amulet)
Stlth  ..........               (no ring)
                                (no ring)

@: confused, exhausted, slowed, very slow, not resistant to hostile
enchantments, extremely unstealthy
A: retaliatory headbutt, horns 2
a: Berserk, Trog's Hand, Burn Spellbooks, Renounce Religion


You were on level 2 of the Dungeon.
You worshipped Trog.
Trog was pleased with you.
You were very hungry.

You visited 1 branch of the dungeon, and saw 2 of its levels.

You collected 90 gold pieces.

Inventory:

Hand Weapons
 a - a +0 spear (weapon)
Armour
 b - a +0 animal skin
 d - a +0 ring mail (worn)
Scrolls
 f - 2 scrolls of teleportation {unknown}
 h - 2 scrolls of remove curse {unknown}
 j - 2 scrolls of fear {unknown}
 m - a scroll of immolation {unknown}
 o - 3 scrolls of identify {unknown}
 p - 2 scrolls of recharging {unknown}
 s - a scroll of amnesia {unknown}
Potions
 e - a potion of invisibility {unknown}
 g - a potion of heal wounds {unknown}
 i - 2 potions of resistance {unknown}
 k - 3 potions of curing {unknown}
 l - 3 potions of degeneration {unknown}
 n - a potion of beneficial mutation {unknown}
 r - a potion of haste {unknown}
Comestibles
 c - a bread ration
 q - 2 meat rations


   Skills:
 + Level 4.1 Fighting
 + Level 4.3 Polearms
 + Level 3.2 Armour
 + Level 2.7 Dodging


You had 2 spell levels left.
You didn't know any spells.

Dungeon Overview and Level Annotations

Branches:
Dungeon (2/15)

Altars:
Xom

Annotations:
D:2 Sigmund


Innate Abilities, Weirdness & Mutations

You reflexively headbutt those who attack you in melee.
You have a pair of horns on your head.


Message History

You are too confused!
You closely miss Sigmund. You headbutt Sigmund.
Sigmund is almost dead.
Sigmund hits you with a scythe!
You hit Sigmund but do no damage. Your headbutt misses Sigmund.
Sigmund is almost dead.
Sigmund hits you but does no damage.
You closely miss Sigmund. Your headbutt misses Sigmund.
Sigmund is almost dead.
Sigmund barely misses you.
You're too confused to attack without stumbling around!
Sigmund points at you and mumbles some strange words.
The puff of flame hits you!
* * * LOW HITPOINT WARNING * * *
Sigmund gestures at you while chanting.
You are more confused.
You closely miss Sigmund. Your headbutt misses Sigmund.
Sigmund is almost dead.
Sigmund hits you with a scythe!
You die...

##### #...# #...# #...#
#$..# ######## #@..#
.......# #.@.# ..^^^..#
#...# ..^_^..#
#...#####
...^^..########†.......
...............>.......
............#####......
.#######.##.# #######
.#<#......#.#
.#.#........#


You could see Sigmund.

Vanquished Creatures
  2 adders (D:2)
  2 giant cockroaches (D:1)
  4 goblins
  2 hobgoblins (D:1)
  5 kobolds
  2 quokkas (D:2)
  7 bats
  2 giant newts (D:2)
  2 rats (D:2)
28 creatures vanquished.

Notes
Turn   | Place    | Note
--------------------------------------------------------------
     0 | D:1      | nikopol the Minotaur Berserker began the quest for the Orb.
     0 | D:1      | Reached XP level 1. HP: 19/19 MP: 0/0
   165 | D:1      | Reached XP level 2. HP: 27/27 MP: 1/1
   319 | D:1      | Reached skill level 4 in Polearms
   437 | D:1      | Reached ** piety under Trog
   680 | D:2      | Reached XP level 3. HP: 33/33 MP: 2/2
   941 | D:2      | Found a shimmering altar of Xom.
   968 | D:2      | Noticed Sigmund
   988 | D:2      | Mangled by Sigmund

Action                   || total
-------------------------++-------
Melee: Spear             ||    78
Invok: Berserk           ||     1
